Map: Frostline LE

Players

wootwoot - Winner!

  • Race: Zerg Zerg
  • Spawn Location: 1:00

gonzalesryan

  • Race: Protoss Protoss
  • Spawn Location: 7:00

VOD

Have the link to the VOD?

Description

Time

  • Played on: April 1, 2025, 1:53 p.m.
  • Length: 2:36
Show
View Real Time Build Order
Export as new Build Order

wootwoot Zerg - Winner!

Build Orders: Pool Only 

Get SALT Encoding   

  12  0:18  Spawning Pool  
  12  0:21  Drone  
  12  0:26  Drone  
  13  0:30  Drone  
  14  0:40  Overlord  
  14  1:04  Zergling x4  
  14  1:05  Zergling x2  
  17  1:15  Zergling x2  
  18  1:27  Zergling x2  
  19  1:38  Zergling x2  
  20  1:48  Zergling x2  
  21  1:59  Zergling x2  
  20  2:17  Zergling x2  
Show
View Real Time Build Order
Export as new Build Order

gonzalesryan Protoss 

Build Orders:  

Get SALT Encoding   

  12  0:01  Probe  
  13  0:16  Pylon  
  13  0:24  Assimilator  
  13  0:29  Assimilator  
  13  0:45  Gateway  
  13  0:53  Pylon  
  13  1:07  Forge  
  13  1:11  Pylon  
  13  1:15  Probe  
  14  1:27  Probe  
  15  1:40  Zealot  
  15  1:43  Probe  
  18  1:55  Probe  
  18  1:59  Photon Cannon  
  19  2:07  Zealot  
  16  2:10  Photon Cannon  
Tags
 
Matchup
PvZ
Opening
Pool Only
Replay Pack
B2M-Replays
Spawn Locations
Cross Positions
Add a new tag
Caveats
  • Supply blocks, unpowered buildings, or Contaminate may cause inaccurate times.
  • Supply counts are checked every 10 seconds.